 Seeded DCSS version 0.29-a0-384-g6960b1960d (webtiles) character file.

Game seed: 3062845088322702904 (custom seed)

32 zeratav the Insei (level 3, 0/23 HPs)
             Began as an Octopode Transmuter on May 7, 2022.
             Slain by a worm (2 damage)
             ... on level 2 of the Dungeon.
             The game lasted 00:01:54 (1322 turns).

zeratav the Insei (Octopode Transmuter)             Turns: 1322, Time: 00:01:55

Health: 0/23       AC:  1    Str:  9    XL:     3   Next: 25%
Magic:  1/6        EV: 13    Int: 17    God:
Gold:   39         SH:  0    Dex: 12    Spells: 4/6 levels left

rFire   . . .      SeeInvis .   b - +2 dagger (venom) {short}
rCold   . . .      Faith    .   (no shield)
rNeg    . . .      Spirit   .   (helmet restricted)
rPois   .          Reflect  .   (no amulet)
rElec   .          Harm     .   (no ring)
rCorr   .          Rampage  .   (no ring)
Will    .....                   (no ring)
Stlth   ++........              (no ring)
HPRegen 0.07/turn               (no ring)
MPRegen 0.10/turn               (no ring)
                                (no ring)
                                (no ring)

@: lethally poisoned (0 -> -2), very slightly contaminated
A: almost no armour, amphibious, 8 rings, camouflage 1, gelatinous body 1,
(nimble swimmer 1), tentacles
a: no special abilities


You were on level 2 of the Dungeon.
You visited 1 branch of the dungeon, and saw 2 of its levels.

You collected 39 gold pieces.


Innate Abilities, Weirdness & Mutations

You cannot wear most types of armour.
You are amphibious.
You can wear up to eight rings at the same time.
Your skin changes colour to match your surroundings (Stealth+).
Your rubbery body absorbs attacks. (AC +1, EV +1)
((You are camouflaged when in or above water. (Stealth+)))
You have tentacles for arms and can constrict up to eight enemies at once.


   Skills:
 - Level 1.0 Fighting
 - Level 2.0 Dodging
 - Level 3.0 Unarmed Combat
 - Level 2.0 Spellcasting
 + Level 2.9 Transmutations
 + Level 1.8 Ice Magic


You had 4 spell levels left.
You knew the following spells:

 Your Spells              Type           Power      Damage    Failure   Level
a - Freeze                Ice            32%        1d5       9%          1
b - Beastly Appendage     Tmut           22%        N/A       6%          1

Your spell library contained the following spells:

 Spells                   Type           Power      Damage    Failure   Level
 Wereblood                Tmut           11%        N/A       9%          2
 Frozen Ramparts          Ice            16%        1d3       26%         3
 Ozocubu's Armour         Ice            8%         N/A       26%         3
 Spider Form              Tmut/Pois      6%         N/A       32%         3
 Ice Form                 Ice/Tmut       9%         N/A       58%         4
 Hailstorm                Conj/Ice       4%         3d4       78%         4
 Ozocubu's Refrigeration  Ice            4%         4d5       100%        7

Inventory:

Hand Weapons
 b - a +2 dagger of venom (weapon) {short}
   (You took it off a goblin on level 1 of the Dungeon)
Jewellery
 f - an amulet of guardian spirit
   (You found it on level 1 of the Dungeon)
Scrolls
 c - a scroll of identify {unknown}
 d - 2 scrolls of enchant weapon {unknown}
Potions
 a - a potion of lignification {!q}
 e - a potion of mutation {unknown}

Dungeon Overview and Level Annotations

Branches:
Dungeon (2/15)

Altars:

## ## # .. .#.#
#. .#. #. .. #.
##.# #. #.w###
#.##@[..#.#
P..#####..b.$..#
.......)#..!.##.#
.######.###..#
#...#.##
#<#......
#.##...## #.#
.#.# ..# #.#


You could see a worm and a bat.


Message History

Confirm with . or Enter, or press ? or * to list all spells.
Aiming: Freeze (safe; 10% risk of failure)
Press: ? - help, Shift-Dir - straight line, f/p - dart slug
Aim: a dart slug (severely wounded)
You miscast Freeze.
You are very lightly contaminated with residual magic.
Nothing appears to happen.
MP[-1]
You lost 1 mp, and now have 4/6 mp.
Casting: Freeze (safe; 10% risk of failure)
Confirm with . or Enter, or press ? or * to list all spells.
Aiming: Freeze (safe; 10% risk of failure)
Press: ? - help, Shift-Dir - straight line, f/p - dart slug
Aim: a dart slug (severely wounded)
You freeze the dart slug.
You kill the dart slug!
MP[-1]
You lost 1 mp, and now have 3/6 mp.
Your magical contamination has completely faded away.
A worm comes into view.
HP[+9] MP[+3]
Your hp is fully restored (23).
Your mp is fully restored (6).
An adder and a bat come into view.
You see here a +0 leather armour.
You can't see any susceptible monsters within range! (Use Z to cast anyway.)
The worm bites you.
HP[-6]
You take 6 damage, and now have 17/23 hp.
MASSIVE DAMAGE!! (PAUSE)
You are too injured to fight recklessly!
You are too injured to fight recklessly!
You are too injured to fight recklessly!
Casting: Freeze (safe; 9% risk of failure)
Confirm with . or Enter, or press ? or * to list all spells.
Aiming: Freeze (safe; 9% risk of failure)
Press: ? - help, Shift-Dir - straight line, f - worm
Aim: a worm You freeze the worm.
The adder hisses angrily.
MP[-1]
You lost 1 mp, and now have 5/6 mp.
Casting: Freeze (safe; 9% risk of failure)
Confirm with . or Enter, or press ? or * to list all spells.
Aiming: Freeze (safe; 9% risk of failure)
Press: ? - help, Shift-Dir - straight line, f/p - worm
Aim: a worm (lightly wounded)
You freeze the worm. The worm bites you.
HP[-4] MP[-1]
You take 4 damage, and now have 13/23 hp.
You lost 1 mp, and now have 4/6 mp.
Casting: Freeze (safe; 9% risk of failure)
Confirm with . or Enter, or press ? or * to list all spells.
Aiming: Freeze (safe; 9% risk of failure)
Press: ? - help, Shift-Dir - straight line, f - adder, p - worm
Aim: an adder You freeze the adder.
The adder closely misses you. The worm bites you.
HP[-1] MP[-1]
You take 1 damage, and now have 12/23 hp.
You lost 1 mp, and now have 3/6 mp.
Casting: Freeze (safe; 9% risk of failure)
Confirm with . or Enter, or press ? or * to list all spells.
Aiming: Freeze (safe; 9% risk of failure)
Press: ? - help, Shift-Dir - straight line, f/p - adder
Aim: an adder (heavily wounded)
You miscast Freeze.
You are very lightly contaminated with residual magic.
Nothing appears to happen.
The bat hits you but does no damage. The adder bites you.
* * * LOW HITPOINT WARNING * * *
The adder closely misses you.
HP[-2] MP[-1]
You take 2 damage, and now have 10/23 hp.
You lost 1 mp, and now have 2/6 mp.
Casting: Freeze (safe; 9% risk of failure)
Confirm with . or Enter, or press ? or * to list all spells.
Aiming: Freeze (safe; 9% risk of failure)
Press: ? - help, Shift-Dir - straight line, f/p - adder
Aim: an adder (heavily wounded)
You freeze the adder. The bat closely misses you. The adder bites you.
* * * LOW HITPOINT WARNING * * *
You are poisoned.
The adder poisons you! The worm bites you.
* * * LOW HITPOINT WARNING * * *
The bat closely misses you.
HP[-6] MP[-1]
You take 6 damage, and now have 4/23 hp.
MASSIVE DAMAGE!! (PAUSE)
You lost 1 mp, and now have 1/6 mp.
You closely miss the adder. You grab the adder.
You tentacle-slap the adder, but do no damage.
You constrict the adder.
* * * LOW HITPOINT WARNING * * *
You feel sick. The bat barely misses you. The adder closely misses you.
HP[-1]
You take 1 damage, and now have 3/23 hp.
You hit the adder.
You kill the adder!
* * * LOW HITPOINT WARNING * * *
You feel sick. The worm bites you.
You die...

Skill      XL: |  1 |
---------------+----+-----
Ice Magic      | 1 |  1.8
Fighting       | |  1.0
Dodging        | |  2.0
Unarmed Combat | |  3.0
Spellcasting   | |  2.0
Transmutations | |  2.9

Action                   || total
-------------------------++-------
Melee: Unarmed           ||     5
       Dagger            ||    42
       Constrict         ||    14
       Kick              ||     3
       Tentacles         ||     4
       Punch             ||     3
 Cast: Beastly Appendage ||     3
       Freeze            ||     7
 Stab: Sleeping          ||     4
Armor: Skin              ||     8
Dodge: Dodged            ||    35

Levels and vault maps discovered:
D:1:      kennysheep_arrival_seaside, layout_rooms,
          hangedman_abyss_or_decor_stabs, grunt_decor_fettered,
          hangedman_decor_points
D:2:      cheibrodos_old_hovel, layout_loops_ring, serial_forest,
          infiniplex_forest_clump_medium, infiniplex_forest_clump_small,
          infiniplex_forest_clump_curved, infiniplex_forest_zigzag_1,
          infiniplex_forest_straight_1, infiniplex_forest_straight_1,
          infiniplex_forest_lined_2, infiniplex_forest_clump_double,
          kennysheep_cross_room, minmay_pentomino_z4, uniq_jessica

Notes
Turn   | Place    | Note
-------+----------+-------------------------------------------
     0 | D:1      | zeratav the Octopode Transmuter began the quest for the
                  | Orb.
     0 | D:1      | Reached XP level 1. HP: 13/13 MP: 3/3
     0 | D:1      | magus.rc [v1.9.6]
    53 | D:1      | You pick up a book of Frost and begin reading...
    53 | D:1      | You add the spells Freeze, Frozen Ramparts and Hailstorm to
                  | your library.
    56 | D:1      | Learned a level 1 spell: Freeze
    78 | D:1      | Reached skill level 1 in Ice Magic
    78 | D:1      | Reached XP level 2. HP: 9/18 MP: 0/5
   555 | D:1      | You add the spells Ozocubu's Armour and Ozocubu's
                  | Refrigeration to your library.
   725 | D:1      | Reached XP level 3. HP: 19/23 MP: 6/6
  1320 | D:2      | HP: 4/23 [worm (5)]
  1322 | D:2      | Slain by a worm

Vanquished Creatures
  An adder (D:2)
  2 dart slugs
  3 endoplasms (D:1)
  2 giant cockroaches
  3 goblins (D:1)
  A hobgoblin (D:1)
  3 kobolds
  A quokka (D:1)
  3 ball pythons (D:1)
  3 bats (D:1)
  3 frilled lizards (D:1)
  4 rats (D:1)
29 creatures vanquished.

Table legend:
 A = Non-vault XP
 B = Vault XP
 C = Vault XP percentage of total XP
 D = Non-vault monster count
 E = Vault monster count
 F = Vault count percentage of total count
                 A         B        C        D         E       F
            +---------+---------+-------+---------+---------+-------
      Total |      41 |      19 |  31.7 |      26 |       3 |  10.3
            +---------+---------+-------+---------+---------+-------
        D:1 |      39 |       0 |   0.0 |      25 |       0 |   0.0
        D:2 |       2 |      19 |  90.5 |       1 |       3 |  75.0
            +---------+---------+-------+---------+---------+-------

Illustrated notes

Table legend:
 A = Kills in this place as a percentage of kills in entire the game.
 B = Kills by you in this place as a percentage of kills by you in the entire game.
 C = Kills by friends in this place as a percentage of kills by friends in the entire game.
 D = Other kills in this place as a percentage of other kills in the entire game.
 E = Experience gained in this place as a percentage of experience gained in the entire game.
 F = Experience gained in this place divided by the number of levels of this place that you have seen.
                   A       B       C       D       E      F
               +-------+-------+-------+-------+-------+----------------------
         Total | 100.0 | 100.0 |   N/A |   N/A | 100.0 |  30.0
       Dungeon | 100.0 | 100.0 |   N/A |   N/A | 100.0 |  30.0
               +-------+-------+-------+-------+-------+----------------------

Table legend: (Time is in decaauts)
 A = Elapsed time spent in this place.
 B = Non-inter-level travel time spent in this place.
 C = Inter-level travel time spent in this place.
 D = Time resting spent in this place.
 E = Time spent auto-exploring this place.
 F = Levels seen in this place.
 G = Mean time per level.
                   A        B        C        D        E       F      G
               +--------+--------+--------+--------+--------+-----+--------+
         Total |   1321 |   1292 |     29 |      2 |   1114 |   2 |  660.5 |
       Dungeon |   1321 |   1292 |     29 |      2 |   1114 |   2 |  660.5 |
               +--------+--------+--------+--------+--------+-----+--------+

Top non-repeatable levels by time:
     D:1: 1167 daAuts
     D:2: 153 daAuts
